 Dungeon Crawl Stone Soup version 0.23.3 (webtiles) character file.

Game seed: 14642903603243226488

64817 MordorOrchid the Spry (level 14, -12/58 HPs)
             Began as a Felid Enchanter on Mar 24, 2020.
             Was the Champion of Hepliaklqana.
             Killed by angry trees
             ... awakened by a spriggan druid
              (19 damage)
             ... on level 4 of the Swamp.
             The game lasted 03:54:33 (41109 turns).

MordorOrchid the Spry (Felid Enchanter)            Turns: 41109, Time: 03:54:35

Health: -12/58     AC:  8    Str:  5    XL:     14   Next: 73%
Magic:  14/29      EV: 32    Int: 20    God:    Hepliaklqana [******]
Gold:   566        SH:  0    Dex: 17    Spells: 1/34 levels left
                                        Lives:  0   Deaths: 4

rFire    . . .     SeeInvis +     - Unarmed
rCold    + . .     Gourm    .   (shield unavailable)
rNeg     . . .     Faith    .   (armour unavailable)
rPois    +         Spirit   .   (helmet unavailable)
rElec    .         Reflect  .   (cloak unavailable)
rCorr    .         Harm     .   (gloves unavailable)
MR       ++...                  (boots unavailable)
Stlth    +++++.....             p - amulet of the acrobat
HPRegen  0.19/turn              w - ring of poison resistance
MPRegen  0.21/turn              h - +5 ring of protection

@: quick
A: very small, no armour, no weapons or thrown items, stealth, reduced essence,
claws 1, fangs 3, see invisible, carnivore, speed 1, shaggy fur 3, slow
metabolism 1, sharp paws
a: Recall Ancestor, Ancestor Identity, Transference, Idealise, Renounce Religion


You were on level 4 of the Swamp.
You worshipped Hepliaklqana.
Hepliaklqana was exalted by your worship.
You were very full.

You visited 5 branches of the dungeon, and saw 28 of its levels.
You also visited: Ice Cave.

You collected 2922 gold pieces.
You spent 2356 gold pieces at shops.

Inventory:

Missiles
 g - 458 arrows
Jewellery
 a - an uncursed ring of ice
 h - a +5 ring of protection (right paw)
 p - an amulet of the acrobat (around neck)
 q - an uncursed ring of positive energy
 v - an uncursed ring of protection from fire
 w - a ring of poison resistance (left paw)
 x - an uncursed ring of protection from fire
 z - an uncursed ring of flight
 B - an uncursed ring of protection from magic
 I - a +4 ring of intelligence
 J - an uncursed ring of protection from cold
 P - an uncursed ring of protection from cold
 S - a +5 ring of intelligence
 T - an uncursed ring of resist corrosion {unknown}
Wands
 j - a wand of iceblast (24)
 l - a wand of random effects (33)
 u - a wand of flame (28)
 H - a wand of acid (13)
 O - a wand of paralysis (8)
 U - a wand of disintegration (11)
 W - a wand of enslavement (3)
Scrolls
 c - 14 scrolls of remove curse
 f - 2 scrolls of magic mapping
 m - 11 scrolls of teleportation
 s - 4 scrolls of noise
 y - 5 scrolls of blinking
 C - a scroll of torment
 E - a scroll of fog
 F - 7 scrolls of amnesia
 G - 2 scrolls of summoning
 R - a scroll of immolation
 V - 4 scrolls of identify
Potions
 d - 4 potions of flight
 e - 7 potions of mutation
 i - 2 potions of magic
 k - 4 potions of lignification
 n - 3 potions of haste
 o - 9 potions of curing
 r - 2 potions of resistance
 t - 5 potions of berserk rage
 A - 2 potions of cancellation
 D - a potion of brilliance
 K - 2 potions of ambrosia
 L - a potion of might
 M - 4 potions of heal wounds
 N - a potion of agility
 Q - 2 potions of invisibility
Comestibles
 b - 61 rations


   Skills:
 * Level 9.9 Fighting
 + Level 16.5 Dodging
 - Level 9.4 Stealth
 - Level 10.0 Unarmed Combat
 * Level 10.8 Spellcasting
 - Level 2.0 Conjurations
 - Level 10.3 Hexes
 - Level 5.2 Summonings
 * Level 6.6 Necromancy
 * Level 8.0 Transmutations
 - Level 5.0 Air Magic
 * Level 8.6 Earth Magic
 - Level 8.0 Invocations
 - Level 5.0 Evocations


You had one spell level left.
You knew the following spells:

 Your Spells              Type           Power        Failure   Level  Hunger
a - Corona                Hex            ######.      1%          1    None
b - Ensorcelled Hibernat  Hex/Ice        ####..       1%          2    None
c - Confuse               Hex            ######..     1%          3    None
d - Tukima's Dance        Hex            ######..     1%          3    None
e - Dazzling Spray        Conj/Hex       #####.       1%          3    None
j - Summon Lightning Spi  Summ/Air       ####....     8%          4    ##.....
s - Call Imp              Summ           ####....     1%          2    None
u - Animate Dead          Necr           N/A          4%          4    ##.....
v - Lee's Rapid Deconstr  Erth           #####.....   4%          5    ####...
w - Passwall              Tmut/Erth      #####...     1%          2    None
D - Petrify               Tmut/Erth      #####...     1%          4    ##.....

Your spell library contained the following spells:

 Spells                   Type           Power        Failure   Level  Hunger
 Confusing Touch          Hex            ######       1%          1    None
 Sandblast                Erth           #####.       1%          1    None
 Summon Butterflies       Summ           ####....     1%          1    None
 Summon Small Mammal      Summ           ####         1%          1    None
 Magic Dart               Conj           ###.         2%          1    None
 Freeze                   Ice            ##..         6%          1    None
 Infusion                 Chrm           ##..         6%          1    None
 Sublimation of Blood     Necr           #####.....   1%          2    None
 Summon Guardian Golem    Hex/Summ       #####...     1%          3    None
 Call Canine Familiar     Summ           ####....     2%          3    None
 Stone Arrow              Conj/Erth      ####..       2%          3    None
 Searing Ray              Conj           ###...       4%          2    None
 Regeneration             Chrm/Necr      ###.......   4%          3    None
 Fulminant Prism          Conj/Hex       #####.....   4%          4    ##.....
 Yara's Violent Unravell  Hex/Tmut       #####.....   4%          5    ####...
 Throw Frost              Conj/Ice       ##....       6%          2    None
 Ignite Poison            Fire/Tmut/Pois ###.....     6%          3    None
 Recall                   Summ/Tloc      N/A          6%          3    None
 Summon Mana Viper        Hex/Summ       #####...     7%          5    ####...
 Borgnjor's Vile Clutch   Necr/Erth      #####.....   8%          5    ####...
 Silence                  Hex/Air        #####.....   8%          5    ####...
 Shroud of Golubria       Chrm/Tloc      ##........   10%         2    None
 Song of Slaying          Chrm           ##......     10%         2    None
 Ice Form                 Ice/Tmut       ####....     12%         4    ##.....
 Gell's Gravitas          Tloc           ##........   19%         3    None
 Ozocubu's Armour         Chrm/Ice       ##......     19%         3    None
 Summon Ice Beast         Ice/Summ       ###.....     22%         4    ##.....
 Irradiate                Conj/Tmut      ####......   22%         5    ####...
 Metabolic Englaciation   Hex/Ice        ####......   22%         5    ####...
 Iskenderun's Mystic Bla  Conj           ###.....     28%         4    ##.....
 Statue Form              Tmut/Erth      #####....    30%         6    ######.
 Alistair's Intoxication  Tmut/Pois      ####....     32%         5    ####...
 Hydra Form               Tmut           #####.....   34%         6    ######.
 Force Lance              Conj/Tloc      ##......     38%         4    ##.....
 Throw Icicle             Conj/Ice       ##......     38%         4    ##.....
 Death Channel            Necr           #####.....   54%         6    ######.
 Dragon Form              Tmut           #####.....   89%         7    #######
 Conjure Ball Lightning   Conj/Air       ###.......   93%         6    ######.
 Simulacrum               Ice/Necr       ###.......   94%         6    ######.
 Deflect Missiles         Chrm/Air       ###.......   98%         6    ######.
 Freezing Cloud           Conj/Ice/Air   ###.......   98%         6    ######.
 Summon Hydra             Summ           ####......   99%         7    #######
 Bolt of Cold             Conj/Ice       ##........   100%        6    ######.
 Ozocubu's Refrigeration  Ice            ##........   100%        6    ######.
 Tornado                  Air            ####......   100%        9    #######
 Spectral Weapon          Hex/Chrm       Unusable     N/A         3    N/A

Dungeon Overview and Level Annotations

Branches:
Dungeon (15/15)            Temple (1/1) D:6            Lair (6/6) D:10
  Swamp (4/4) Lair:3        Snake (0/4) Lair:3        Slime (0/5) Lair:6
    Orc (2/2) D:9             Elf (0/3) Orc:2        Vaults (0/5) D:14
 Depths (0/5) D:15

Altars:
Ashenzari
Gozag
Hepliaklqana
Kikubaaqudgha
Okawaru
Qazlal
Ru
Trog
Vehumet
Xom
Yredelemnul
Zin
The Shining One
Beogh

Shops:
D:6 :   D:8 !   D:12 *   Orc:2 %[![

Annotations:
D:13 2 transporters, ghwc's ghost, journeyman DsWz
Swamp:2 Nikola


Innate Abilities, Weirdness & Mutations

You cannot wear armour.
You are incapable of wielding weapons or throwing items.
Your paws allow you to move quietly. (Stealth)
You have sharp claws.
You have razor-sharp teeth.
You have supernaturally acute eyesight. (SInv)
You are carnivorous and can eat meat at any time.
You cover ground quickly.
Your thick and shaggy fur keeps you warm. (AC +3, rC+)
You have a slow metabolism.
Your sharp claws are effective at attacking unaware monsters.
Your life essence is reduced to manifest your ancestor. (-10% HP)


Message History

The spriggan druid mumbles some strange words.
The forest starts to sway and rumble!
Unknown command.
You swap places.
The spriggan hits CastyMcShootstaff with a +0 vampiric dagger.
CastyMcShootstaff gestures at the spriggan druid while chanting.
The puff of frost misses the spriggan druid.
You see here a robe.
Unknown command.
Trunks creak and shift.
CastyMcShootstaff is hit by a branch!
A tree reaches out and hits you!
* * * LOW HITPOINT WARNING * * *
The spriggan druid is no longer blind.
The spriggan druid hits CastyMcShootstaff with a +0 quarterstaff!
The spriggan hits CastyMcShootstaff with a +0 vampiric dagger!
There is a stone staircase leading up here.
CastyMcShootstaff is hit by a branch!!
CastyMcShootstaff is destroyed!
A tree reaches out and hits you!!
You die...

#≈≈≈ ♣♣...≈≈.≈♣ ♣♣≈.≈≈..≈
##≈≈≈ ♣≈≈≈≈≈≈..♣♣♣.≈.≈§≈≈≈
##≈≈≈. ♣♣.≈≈≈....≈.≈≈..≈≈≈.
°#≈≈≈≈. ♣♣≈≈≈≈≈≈≈..≈≈≈♣♣≈≈≈
..≈≈≈.. ♣.≈≈.≈≈≈.....≈♣≈≈.
...≈≈..♣♣ ♣♣♣♣≈.......♣..≈≈♣
#..≈≈≈..♣ ♣♣♣♣....≈≈§≈.....≈
####≈≈..♣♣♣♣..♣♣♣≈.≈≈≈≈≈≈≈≈..
♣≈≈≈.w♣♣[@≈♣ ♣♣♣.≈≈≈.≈≈≈≈.
♣♣♣#≈≈..i≈♣♣♣♣ ♣♣♣♣≈≈.≈≈§≈
♣♣.≈≈≈≈..i♣♣ ♣♣♣♣ ♣♣♣♣≈≈≈♣
♣♣♣≈≈≈≈≈≈..≈§♣♣ ♣≈[.♣ ♣♣.≈.♣
♣§.≈≈.......≈≈♣♣♣♣§≈≈♣ ♣.≈≈.≈
♣≈.≈≈≈♣♣<.[..≈.♣♣.≈≈≈♣ ♣≈≈≈.≈
♣..≈≈.♣♣♣♣(.≈.♣♣≈..≈.♣ ♣♣≈≈.≈
♣.≈≈≈≈.≈≈.....i♣♣i.≈.♣♣ ♣♣♣.≈
♣.≈≈≈≈≈.≈§≈≈≈≈.≈≈§≈≈≈♣♣ ♣.≈


You could see a spriggan druid and a spriggan.

Vanquished Creatures
  Gastronok (D:8)
  2 thorn hunters
  A stone giant (Orc:1)
  Nessos (Orc:2)
  A fire dragon (Lair:6)
  An ice dragon (D:14)
  2 catoblepae (Lair:5)
  A shambling mangrove (Swamp:1)
  10 two-headed ogres
  8 hydras
  2 centaur warriors
  2 ghost crabs
  A tengu warrior (D:14)
  8 alligators
  An ogre mage (Orc:1)
  A spriggan (Swamp:3)
  A shadow wraith (D:14)
  A fire crab (Lair:6)
  3 skeletal warriors
  2 swamp dragons (Swamp:1)
  An orc knight (Orc:2)
  A necromancer (IceCv)
  An orc sorcerer (D:15)
  7 ugly things
  A wolf spider (D:15)
  4 manticores
  A centaur zombie (D:11)
  4 elephants (Lair:5)
  3 cyclopes
  Maurice (D:9)
  4 black mambas
  2 torpor snails (Lair:6)
  An ice statue (IceCv)
  7 spiny frogs
  7 komodo dragons
  5 freezing wraiths
  A kobold demonologist (D:14)
  A yaktaur (D:15)
  A rime drake (Lair:6)
  A redback zombie (D:15)
  9 trolls
  A tengu conjurer (D:14)
  3 polar bears (Lair:6)
  4 tyrant leeches
  15 hornets
  3 meliai (D:13)
  8 slime creatures
  2 raiju (Lair:6)
  7 hippogriffs
  2 alligator zombies (Swamp:4)
  3 blink frogs (Lair:4)
  5 bog bodies
  A shadow (D:12)
  A vampire (D:12)
  5 wyverns
  A dancing weapon (D:8)
  2 wraiths
  19 yaks
  A hungry ghost (D:10)
  2 basilisks
  The ghost of SirRappy the Covered, an amateur GnWn (D:4)
  9 vampire mosquitoes
  A death yak simulacrum (IceCv)
  4 insubstantial wisps
  2 wargs (Lair:6)
  4 swamp worms
  2 nagas (Lair:3)
  3 soldier ants
  10 porcupines
  An acid dragon (D:12)
  11 water moccasins
  7 hell hounds (Lair:6)
  4 black bears
  A swamp drake (Swamp:2)
  11 orc warriors
  A sky beast (shapeshifter) (D:14)
  4 ice beasts
  17 ogres
  A black bear (shapeshifter) (D:9)
  An eye of draining (shapeshifter) (D:14)
  3 sky beasts
  A phantom (D:12)
  A necrophage (D:5)
  12 wolves
  2 boggarts (D:12)
  7 crocodiles
  2 big kobolds (D:8)
  4 centaurs
  16 bullfrogs
  A wyvern zombie (D:13)
  4 scorpions
  3 jellies
  An oklob sapling (D:6)
  4 wights
  3 howler monkeys
  2 electric eels
  4 crimson imps
  A bullfrog zombie (D:12)
  7 hounds
  2 quasits
  A draconian simulacrum (IceCv)
  Crazy Yiuf (D:4)
  12 orc priests
  A gnoll shaman (D:4)
  10 orc wizards
  2 centaur skeletons
  Ijyb (D:4)
  3 bullfrog skeletons
  10 battlemagi
  3 iguanas
  5 worker ants
  3 spriggan simulacra (IceCv)
  2 troll simulacra (IceCv)
  2 wolf simulacra (IceCv)
  2 centaur simulacra (IceCv)
  A hound zombie (D:5)
  A hound skeleton (D:8)
  Robin (D:2)
  A worker ant zombie (D:9)
  5 gnolls
  A howler monkey skeleton (D:8)
  11 adders
  3 ogre simulacra (IceCv)
  4 shadow imps
  A white imp (IceCv)
  2 oozes
  7 worms
  9 leopard geckos
  64 orcs
  5 ball pythons
  3 giant cockroaches
  10 goblins
  13 hobgoblins
  19 jackals
  5 quokkas
  5 bats
  9 frilled lizards
  A jackal zombie (D:5)
  17 kobolds
  A leopard gecko skeleton (D:5)
  16 rats
  A plant (D:6)
647 creatures vanquished.

Vanquished Creatures (collateral kills)
  Louise (Swamp:2)
  8 hydras
  2 ogre magi
  A death knight (D:12)
  A shambling mangrove (Swamp:1)
  5 two-headed ogres
  3 alligators
  A skeletal warrior (D:13)
  A spriggan druid (Swamp:3)
  2 deep trolls
  2 swamp dragons (Swamp:2)
  A lindwurm (Lair:6)
  An orc knight (D:9)
  8 ugly things (D:15)
  A deep elf mage (D:15)
  2 cyclopes
  A manticore (Lair:5)
  A centaur zombie (D:13)
  4 elephants
  2 naga magi (D:15)
  2 black mambas
  A gargoyle (D:13)
  2 rime drakes (Lair:6)
  7 spiny frogs
  3 torpor snails (Lair:6)
  A centaur skeleton (D:10)
  3 swamp worm zombies (Swamp:4)
  A kobold demonologist (D:11)
  A komodo dragon (Lair:1)
  7 freezing wraiths (IceCv)
  A tengu conjurer (D:14)
  11 tyrant leeches
  2 raiju (Lair:6)
  A harpy skeleton (D:13)
  A hornet (D:15)
  5 trolls
  7 polar bears
  5 slime creatures
  10 bog bodies
  An alligator zombie (Swamp:4)
  2 wraiths
  13 yaks
  A redback (shapeshifter) (D:15)
  2 spriggans
  A wyvern (D:14)
  A basilisk (Lair:6)
  16 vampire mosquitoes
  2 nagas (Lair:3)
  8 insubstantial wisps
  12 swamp worms
  3 wargs
  2 water moccasins (Lair:6)
  6 hell hounds (Lair:6)
  7 ice beasts
  8 orc warriors
  2 swamp drakes
  A hornet zombie (D:13)
  9 black bears
  A phantom (D:14)
  A boggart (D:12)
  An alligator simulacrum (IceCv)
  8 ogres
  9 wolves
  A centaur (D:10)
  A bullfrog (Lair:3)
  3 scorpions
  9 wights
  A howler monkey (D:12)
  A crimson imp (D:7)
  2 draconian simulacra (IceCv)
  2 hounds
  A jelly (D:12)
  3 orc wizards
  3 orc priests
  A bullfrog skeleton (D:10)
  2 spriggan simulacra (IceCv)
  3 troll simulacra (IceCv)
  A centaur simulacrum (IceCv)
  An adder (D:12)
  A naga simulacrum (IceCv)
  2 shadow imps
  11 white imps (IceCv)
  A leopard gecko (D:10)
  18 orcs
  A giant cockroach (D:7)
  A jackal (D:10)
  A kobold (D:14)
307 creatures vanquished.

Vanquished Creatures (others)
  4 dancing weapons
  A swamp worm (Swamp:4)
  2 ogres (Orc:2)
  2 electric eels (Lair:5)
  25 battlemagi
  2 ancestors
  3 briar patches (Swamp:3)
  3 fungi
  21 plants
63 creatures vanquished.

Grand Total: 1017 creatures vanquished

Notes
Turn   | Place    | Note
-------+----------+-------------------------------------------
     0 | D:1      | MordorOrchid the Felid Enchanter began the quest for the
                  | Orb.
     0 | D:1      | Reached XP level 1. HP: 7/7 MP: 4/4
   123 | D:1      | Reached skill level 3 in Dodging
   229 | D:1      | Reached XP level 2. HP: 6/12 MP: 1/6
   278 | D:1      | Learned a level 2 spell: Ensorcelled Hibernation
   700 | D:2      | Reached skill level 1 in Fighting
   700 | D:2      | Reached XP level 3. HP: 15/15 MP: 4/7
   705 | D:2      | Learned a level 3 spell: Confuse
   724 | D:2      | Noticed Robin
  1078 | D:2      | Reached XP level 4. HP: 19/19 MP: 0/8
  1106 | D:2      | Found a shimmering altar of Xom.
  1423 | D:2      | Killed Robin
  1440 | D:2      | Noticed a moth of wrath
  1443 | D:2      | Found a bloodstained altar of Trog.
  1810 | D:3      | Reached XP level 5. HP: 22/22 MP: 9/9
  1817 | D:3      | Reached skill level 5 in Hexes
  1944 | D:3      | Reached skill level 5 in Stealth
  1944 | D:3      | Reached skill level 1 in Evocations
  1986 | D:3      | Reached skill level 4 in Dodging
  2068 | D:3      | Learned a level 3 spell: Tukima's Dance
  2479 | D:3      | Gained mutation: You are covered in thick fur. (AC +2)
                  | [Felid growth]
  2479 | D:3      | Reached XP level 6. HP: 21/26 MP: 7/11
  2889 | D:4      | Noticed Ijyb
  2942 | D:4      | Killed Ijyb
  3332 | D:4      | Found a stormy altar of Qazlal.
  3345 | D:4      | Found an iron altar of Okawaru.
  3427 | D:4      | Found a runed translucent door.
  3428 | D:4      | Noticed Crazy Yiuf
  3437 | D:4      | Killed Crazy Yiuf
  3532 | D:4      | Found a runed translucent gate.
  3534 | D:4      | Found a runed translucent gate.
  3534 | D:4      | Found an opulent altar of Gozag.
  3534 | D:4      | Noticed a sky beast
  3536 | D:4      | Found a runed translucent gate.
  3537 | D:4      | Noticed SirRappy's ghost (amateur GnWn)
  3745 | D:4      | Reached XP level 7. HP: 30/30 MP: 9/12
  4244 | D:4      | Killed SirRappy's ghost
  4431 | D:5      | Entered Level 5 of the Dungeon
  4466 | D:5      | Learned a level 3 spell: Dazzling Spray
  4672 | D:5      | Found an iron altar of Okawaru.
  4925 | D:5      | Reached XP level 8. HP: 30/34 MP: 12/15
  5259 | D:5      | Reached skill level 5 in Dodging
  5428 | D:6      | Found a staircase to the Ecumenical Temple.
  5467 | D:6      | Reached skill level 1 in Conjurations
  5650 | D:6      | Found a basalt altar of Yredelemnul.
  5795 | D:6      | Found Qogrear's Book Emporium.
  5949 | Temple   | Entered the Ecumenical Temple
  5988 | Temple   | Became a worshipper of Hepliaklqana the Forgotten
  7012 | D:7      | Reached skill level 5 in Spellcasting
  7012 | D:7      | Reached XP level 9. HP: 35/35 MP: 2/17
  7144 | D:7      | Reached skill level 1 in Invocations
  7425 | D:8      | Reached skill level 5 in Unarmed Combat
  7627 | D:6      | Bought a book of Callings for 420 gold pieces
  7632 | D:6      | Learned a level 4 spell: Summon Lightning Spire
  7635 | D:6      | Learned a level 2 spell: Call Imp
  7659 | D:8      | Noticed a two-headed ogre
  7757 | D:8      | Killed a two-headed ogre
  7757 | D:8      | Reached skill level 6 in Dodging
  7757 | D:8      | Reached skill level 1 in Summonings
  7757 | D:8      | Reached skill level 1 in Air Magic
  7930 | D:8      | Found Zekaig's Distillery.
  8013 | D:8      | Bought a potion of degeneration for 16 gold pieces
  8072 | D:8      | Reached * piety under Hepliaklqana
  8117 | D:8      | Found a glowing golden altar of the Shining One.
  8710 | D:9      | Found a staircase to the Orcish Mines.
  8763 | D:9      | Reached skill level 7 in Dodging
  8819 | D:9      | Reached skill level 5 in Evocations
  8829 | D:9      | Noticed Gastronok
  9187 | D:8      | Killed Gastronok
  9187 | D:8      | Reached skill level 9 in Dodging
  9187 | D:8      | Reached XP level 10. HP: 37/37 MP: 20/20
  9439 | D:9      | Found a roughly hewn altar of Beogh.
  9861 | D:9      | Found an ancient bone altar of Kikubaaqudgha.
  9893 | D:9      | Noticed Maurice
  9915 | D:9      | Killed Maurice
  9915 | D:9      | Reached skill level 10 in Dodging
  9915 | D:9      | Noticed a two-headed ogre
 10019 | D:9      | Killed a two-headed ogre
 10162 | D:9      | Reached ** piety under Hepliaklqana
 10163 | D:9      | Remembered your ancestor CastyMcShootstaff as a battlemage
 10199 | D:9      | Reached skill level 11 in Dodging
 10226 | D:9      | Reached skill level 5 in Summonings
 10364 | D:9      | Reached XP level 11. HP: 41/41 MP: 11/21
 10688 | D:10     | Entered Level 10 of the Dungeon
 10799 | D:10     | Noticed a centaur warrior
 10816 | D:10     | Killed a centaur warrior
 10816 | D:10     | Reached skill level 12 in Dodging
 11020 | D:10     | Found a staircase to the Lair.
 11223 | D:10     | Reached skill level 5 in Air Magic
 11572 | D:10     | You fall through a shaft for 3 floors!
 11573 | D:13     | Noticed a skeletal warrior
 11573 | D:13     | Noticed a skeletal warrior
 11573 | D:13     | Noticed a skeletal warrior
 11578 | D:13     | Slain by a meliai
 11579 | D:13     | Reached XP level 10. HP: -1/38 MP: 20/20
 11911 | D:13     | Noticed a purple ugly thing
 12127 | D:13     | Reached *** piety under Hepliaklqana
 12316 | D:13     | Killed a purple ugly thing
 12622 | D:13     | Reached XP level 11. HP: 41/41 MP: 19/22
 12647 | D:13     | Reached skill level 5 in Fighting
 12742 | D:12     | Noticed a white ugly thing
 12747 | D:12     | Mangled by a white ugly thing
 12748 | D:12     | Reached XP level 10. HP: -7/39 MP: 8/21
 12787 | D:12     | Noticed a two-headed ogre
 12825 | D:12     | Killed a two-headed ogre
 12864 | D:12     | Noticed a death knight
 13224 | D:10     | Noticed a two-headed ogre
 13250 | D:10     | Killed a two-headed ogre
 13516 | D:11     | You fall through a shaft!
 13833 | D:11     | Reached **** piety under Hepliaklqana
 14448 | D:12     | Noticed a skeletal warrior
 15210 | D:12     | Reached XP level 11. HP: 43/43 MP: 15/23
 15276 | D:12     | Noticed a four-headed hydra
 15477 | Lair:1   | Entered Level 1 of the Lair of Beasts
 15782 | Lair:1   | Reached skill level 5 in Invocations
 16336 | Lair:1   | Noticed a seven-headed hydra
 16350 | Lair:1   | Killed a seven-headed hydra
 16672 | Lair:2   | Reached skill level 13 in Dodging
 17218 | Lair:2   | Reached ***** piety under Hepliaklqana
 17832 | Lair:3   | Found a staircase to the Snake Pit.
 17837 | Lair:3   | Noticed a seven-headed hydra
 18070 | Lair:3   | Reached skill level 10 in Hexes
 18399 | Lair:3   | Found a staircase to the Swamp.
 18678 | Lair:3   | Gained mutation: Your thick and shaggy fur keeps you warm.
                  | (AC +3, rC+) [Felid growth]
 18678 | Lair:3   | Reached XP level 12. HP: 47/47 MP: 22/25
 18773 | Lair:3   | Killed a seven-headed hydra
 18854 | Lair:4   | Noticed a four-headed hydra
 18862 | Lair:4   | Killed a four-headed hydra
 19286 | Lair:4   | Learned a level 4 spell: Petrify
 19685 | Lair:5   | Noticed a catoblepas
 19685 | Lair:5   | Noticed a catoblepas
 19971 | Lair:5   | Noticed an eight-headed hydra
 19985 | Lair:5   | Killed an eight-headed hydra
 19985 | Lair:5   | Reached skill level 1 in Transmutations
 19985 | Lair:5   | Reached skill level 1 in Earth Magic
 20986 | Lair:5   | Killed a catoblepas
 21229 | Lair:5   | Killed a catoblepas
 21425 | Lair:6   | Entered Level 6 of the Lair of Beasts
 21432 | Lair:6   | Found a staircase to the Slime Pits.
 21564 | Lair:6   | Noticed an eight-headed hydra
 21586 | Lair:6   | Killed an eight-headed hydra
 21805 | Lair:6   | Noticed a five-headed hydra
 21816 | Lair:6   | Killed a five-headed hydra
 21816 | Lair:6   | Reached XP level 13. HP: 51/51 MP: 7/27
 22537 | Lair:6   | Found a runed translucent door.
 22538 | Lair:6   | Noticed a fire dragon
 23057 | Lair:6   | Reached skill level 10 in Spellcasting
 23371 | Lair:6   | Reached skill level 14 in Dodging
 24436 | Lair:6   | Reached skill level 10 in Unarmed Combat
 24717 | Lair:6   | Killed a fire dragon
 25011 | Orc:1    | Entered Level 1 of the Orcish Mines
 25643 | Orc:2    | Entered Level 2 of the Orcish Mines
 25643 | Orc:2    | Found Zaecsuk's Armour Shop.
 25643 | Orc:2    | Reached ****** piety under Hepliaklqana
 25643 | Orc:2    | Noticed Nessos
 25793 | Orc:2    | Found Torphegh's Distillery.
 25793 | Orc:2    | Found Fexziam's Armour Boutique.
 26079 | Orc:1    | Reached XP level 14. HP: 38/56 MP: 16/29
 26198 | Orc:1    | Reached skill level 5 in Transmutations
 26962 | Orc:2    | Slain by a two-headed ogre
 26963 | Orc:2    | Reached XP level 13. HP: 0/53 MP: 28/28
 26976 | Orc:2    | Found Jioci's Food Boutique.
 26992 | Orc:2    | Killed Nessos
 27145 | Orc:2    | Found a staircase to the Elven Halls.
 27543 | Orc:1    | Noticed a stone giant
 27557 | Orc:1    | Killed a stone giant
 27684 | D:8      | Bought a potion of heal wounds for 80 gold pieces
 27684 | D:8      | Bought 2 potions of berserk rage for 160 gold pieces
 27684 | D:8      | Bought a potion of haste for 160 gold pieces
 27684 | D:8      | Bought a potion of curing for 48 gold pieces
 27756 | D:6      | Bought a book of Geomancy for 490 gold pieces
 27759 | D:6      | Learned a level 2 spell: Passwall
 27765 | D:6      | Learned a level 5 spell: Lee's Rapid Deconstruction
 27770 | D:6      | Learned a level 4 spell: Animate Dead
 27874 | Orc:2    | Bought a potion of haste for 150 gold pieces
 27874 | Orc:2    | Bought a potion of haste for 150 gold pieces
 27874 | Orc:2    | Bought 2 potions of curing for 90 gold pieces
 28077 | D:12     | Reached skill level 15 in Dodging
 28461 | D:12     | Found Xeqibaaf's Island Escapes.
 28479 | D:12     | Bought a scroll of teleportation for 48 gold pieces
 28479 | D:12     | Bought a scroll of blinking for 120 gold pieces
 28479 | D:12     | Bought 2 potions of invisibility for 256 gold pieces
 28479 | D:12     | Bought a scroll of teleportation for 48 gold pieces
 28479 | D:12     | Bought a scroll of blinking for 120 gold pieces
 28531 | D:12     | Reached skill level 1 in Necromancy
 29792 | D:13     | Found a transporter.
 29796 | D:13     | Found a transporter.
 29797 | D:13     | Noticed ghwc's ghost (journeyman DsWz)
 30673 | D:14     | Reached skill level 5 in Earth Magic
 32008 | D:14     | Found a gate to the Vaults.
 32162 | D:15     | Entered Level 15 of the Dungeon
 32231 | D:15     | Reached XP level 14. HP: 33/56 MP: 5/29
 32370 | D:15     | Paralysed by a hornet for 1 turns
 32636 | D:15     | Found a frozen archway.
 32739 | IceCv    | Entered an ice cave
 33517 | IceCv    | Found an ancient bone altar of Kikubaaqudgha.
 34243 | D:15     | Found a staircase to the Depths.
 35455 | Swamp:1  | Entered Level 1 of the Swamp
 36376 | Swamp:1  | Reached skill level 16 in Dodging
 37131 | Swamp:1  | Slain by a shambling mangrove
 37132 | Swamp:1  | Reached XP level 13. HP: 0/54 MP: 28/28
 37431 | Swamp:2  | Noticed a thorn hunter
 37438 | Swamp:2  | Reached XP level 14. HP: 56/57 MP: 26/29
 37447 | Swamp:2  | Killed a thorn hunter
 38512 | Swamp:2  | Noticed Nikola
 38559 | Swamp:2  | Reached skill level 5 in Necromancy
 38560 | Swamp:2  | Noticed Louise
 38626 | Swamp:2  | Killed Louise
 39367 | Swamp:3  | Noticed a thorn hunter
 39401 | Swamp:3  | Killed a thorn hunter
 40195 | Swamp:4  | Entered Level 4 of the Swamp
 41109 | Swamp:4  | Killed from afar by a spriggan druid

Skill      XL: |  1  2  3  4  5  6  7  8  9 10 11 12 13 14 |
---------------+-------------------------------------------+-----
Dodging        | 3 4 5 9 11 13 15 16 | 16.5
Fighting       | 1 2 3 4 6 7 8 9 |  9.9
Unarmed Combat | 2 3 4 5 6 7 8 10 | 10.0
Hexes          | 5 6 9 10 | 10.3
Stealth        | 5 6 8 9 |  9.4
Evocations     | 1 2 3 5 |  5.0
Spellcasting   | 3 4 5 6 7 8 9 10 | 10.8
Conjurations   | 2 |  2.0
Invocations    | 3 4 5 6 8 |  8.0
Summonings     | 3 5 |  5.2
Air Magic      | 3 4 5 |  5.0
Transmutations | 2 6 8 |  8.0
Earth Magic    | 2 8 7 |  8.6
Necromancy     | 4 6 |  6.6

Action                   |  1- 3 |  4- 6 |  7- 9 | 10-12 | 13-15 || total
-------------------------+-------+-------+-------+-------+-------++-------
Melee: Unarmed           |   115 |   194 |   321 |   468 |   747 ||  1845
       Bite              |     8 |    10 |    20 |    47 |    90 ||   175
       Punch             |     3 |     2 |     6 |     8 |    41 ||    60
 Cast: Corona            |    27 |    23 |    12 |     1 |       ||    63
       Ensorcelled Hiber |     6 |    39 |    60 |    90 |    63 ||   258
       Confuse           |       |    11 |    59 |   190 |   403 ||   663
       Tukima's Dance    |       |     2 |    13 |    12 |     4 ||    31
       Dazzling Spray    |       |       |     7 |    52 |    87 ||   146
       Summon Lightning  |       |       |       |    48 |   149 ||   197
       Lee's Rapid Decon |       |       |       |       |    21 ||    21
       Animate Dead      |       |       |       |       |    25 ||    25
       Passwall          |       |       |       |       |    12 ||    12
Invok: Recall Ancestor   |       |       |     2 |    10 |    16 ||    28
       Ancestor Identity |       |       |     2 |     3 |       ||     5
       Ancestor Life: Ba |       |       |       |     1 |       ||     1
       Idealise          |       |       |       |     1 |       ||     1
       Transference      |       |       |       |       |     1 ||     1
 Abil: Stop Flying       |       |       |       |       |     1 ||     1
       Evoke Flight      |       |       |       |       |     1 ||     1
Evoke: Wand              |       |     3 |    11 |    11 |    39 ||    64
  Use: Scroll            |     4 |     5 |     8 |    12 |     8 ||    37
       Potion            |       |     1 |     4 |     1 |     6 ||    12
 Stab: Sleeping          |    11 |    42 |    39 |    85 |    39 ||   216
       Confused          |       |     5 |    28 |    61 |   124 ||   218
       Invisible         |       |       |     2 |    15 |    22 ||    39
       Distracted        |       |       |       |     5 |     5 ||    10
       Paralysed         |       |       |       |     1 |       ||     1
  Eat: Chunk             |     8 |     9 |    16 |    41 |    57 ||   131
Armor: Skin              |    13 |    36 |    29 |    30 |    31 ||   139
Dodge: Dodged            |   121 |   173 |   286 |   424 |   894 ||  1898
